 Dungeon Crawl Stone Soup version 0.23.0-3-gf3c87f2 (webtiles) character file.

Game seed: 7456005808932936034

5937 Dazliare the Martial Artist (level 10, -1/66 HPs)
             Began as an Octopode Transmuter on Feb 22, 2019.
             Was a High Priest of Ru.
             Slain by a kobold demonologist
             ... wielding a +0 dagger
              (5 damage)
             ... while paralysed
             ... on level 10 of the Dungeon.
             The game lasted 00:23:48 (14668 turns).

Dazliare the Martial Artist (Octopode Transmuter)  Turns: 14668, Time: 00:23:49

Health: -1/66      AC: -2    Str: 10    XL:     10   Next: 83%
Magic:  5/16       EV:  5    Int: 19    God:    Ru [*****.]
Gold:   263        SH:  0    Dex: 17    Spells: 6/17 levels left

rFire    . . .     SeeInvis .     - Unarmed
rCold    . . .     Gourm    .   (shield currently unavailable)
rNeg     . . .     Faith    +   (helmet currently unavailable)
rPois    x         Spirit   .   s - amulet of faith {!P}
rElec    .         Reflect  .   q - +5 ring of evasion
rCorr    .         Harm     .   (no ring)
MR       .....                  (no ring)
Stlth    ++........             (no ring)
HPRegen  0.21/turn              (no ring)
MPRegen  0.15/turn              (no ring)
                                (no ring)
                                (no ring)

@: paralysed, exhausted, spider-form (expiring), corroded, berserk cooldown,
slowed, lightly drained
A: tiny, almost no armour, stealthy swim, (amphibious), 8 rings, (constrict 8),
inability to use devices, inexperienced 1, missing an eye
a: End Transformation, Draw Out Power, Power Leap, Apocalypse, Renounce Religion


You were on level 10 of the Dungeon.
You worshipped Ru.
Ru was extremely pleased with you.
You were not hungry.
You were a venomous arachnid creature.
You visited 1 branch of the dungeon, and saw 10 of its levels.

You collected 497 gold pieces.
You spent 234 gold pieces at shops.

Inventory:

Hand Weapons
 a - a +1 hunting sling (melded)
 w - a +0 blowgun
 D - the +5 hand axe "Ugrirok" {freeze, +Fly Str-4 Int+4}
   (You found it on level 7 of the Dungeon)

   It has been specially enchanted to freeze those struck by it, causing extra
   injury to most foes and up to half again as much damage against particularly
   susceptible opponents.
   It can also slow down cold-blooded creatures.
   It affects your strength (-4).
   It affects your intelligence (+4).
   It lets you fly.
Missiles
 f - 105 sling bullets
 o - 8 curare-tipped needles
 v - 191 arrows
 E - 34 poisoned needles
Jewellery
 q - a +5 ring of evasion (left front leg)
 s - an amulet of faith (around neck) {!P}
Scrolls
 e - a scroll of amnesia
 k - 4 scrolls of remove curse {@r2}
 l - a scroll of magic mapping
 p - 2 scrolls of fog {unknown}
 r - a scroll of enchant armour
 t - 5 scrolls of teleportation {@r4}
 u - 2 scrolls of enchant weapon
 A - 2 scrolls of blinking
 C - a scroll of immolation {unknown}
 F - a scroll of noise {unknown}
Potions
 b - a potion of ambrosia {unknown}
 d - 2 potions of curing {@q1}
 g - 3 potions of flight
 i - a potion of haste {@q3}
 j - 2 potions of magic
 n - a potion of berserk rage
 z - 2 potions of brilliance
Comestibles
 c - 24 rations {@e1}


   Skills:
 + Level 5.4(4.8) Fighting
 - Level 2.0(1.4) Dodging
 * Level 12.6(11.9) Unarmed Combat
 - Level 4.2(3.7) Spellcasting
 - Level 8.0(7.4) Transmutations


You had 6 spell levels left.
You knew the following spells:

 Your Spells              Type           Power        Failure   Level  Hunger
a - Beastly Appendage     Tmut           ####..       4%          1    None
b - Sticks to Snakes      Tmut           ####....     5%          2    ##.....
c - Spider Form           Tmut/Pois      ###.......   24%         3    ###....
d - Blade Hands           Tmut           ####......   38%         5    ######.

Your spell library contained the following spells:

 Spells                   Type           Power        Failure   Level  Hunger
 Ice Form                 Ice/Tmut       ###.....     52%         4    ####...


Dungeon Overview and Level Annotations

Branches:
Dungeon (10/15)            Temple (0/1) D:4             Orc (0/2) D:10
   Lair: D:8-11

Altars:
Fedhas
Okawaru
Qazlal
Ru
Trog
Vehumet
Xom
Yredelemnul
The Shining One

Shops:
D:4 ?   D:5 *   D:6 !

Annotations:
D:1 exclusion: downstairs
D:8 exclusion: 2 downstairs
D:9 Gastronok


Innate Abilities, Weirdness & Mutations

You cannot wear most types of armour.
You are very stealthy in the water. (Stealth+)
((You are amphibious.))
You can wear up to eight rings at the same time.
((You can use your tentacles to constrict eight enemies at once.))
((Your skin changes colour to match your surroundings (Stealth+).))
((Your rubbery body absorbs attacks. (AC +1, EV +1)))
You cannot study or use magical devices.
You are somewhat inexperienced. (-2 XL)
You are missing an eye, making it more difficult to aim.


Message History

You hit the rust devil. The rust devil hits you!
* * * LOW HITPOINT WARNING * * *
The rust devil corrodes you!
The kobold demonologist begins to cast a spell, but is stunned by your will!
You take 7 damage, and have 10/99 hp.
You hit the rust devil.
You kill the rust devil!
You redirect the kobold demonologist's attack!
The kobold demonologist hits you but does no damage.
You bite the kobold demonologist!
The kobold demonologist is poisoned.
You hit the kobold demonologist.
The kobold demonologist looks as sick as possible!
Your transformation is almost over.
You are no longer berserk.
You pass out from exhaustion.
You feel yourself slow down.
The kobold demonologist hits you with a +0 dagger.
* * * LOW HITPOINT WARNING * * *
The kobold demonologist hits you with a +0 dagger.
You die...

..#.##.......#### #........#
..#..#..........#####........#
..##.#.......#...............#
'###.#.......#.#######'##....#
.# #...........#........#....#
.# ###.........#.######.#.+###
.# ###.#####.#.†.F..#.#..# .#
#....##.#K#....#.#.## .#
####.##.#s#F...#.#.####
.#######<......#.#....+.#....#
...........<...#.######.#....#
.#######.....#.#....(...#....#
## #.......##'#######....# #
#.....................# #
#.....#####...........# #
#.....# ########'#### #
###.### ###...#


You could see a kobold demonologist.

Vanquished Creatures
  A hydra (D:10)
  A two-headed ogre (D:7)
  Pikel (D:9)
  An ugly thing (D:10)
  A centaur skeleton (D:10)
  A troll (D:9)
  A spriggan (D:7)
  Duvessa (D:4)
  An ice beast (D:5)
  An orc warrior (D:9)
  Purgy (D:4)
  A black bear (D:10)
  A sky beast (D:5)
  6 centaurs
  2 ogres
  A phantom (D:4)
  2 big kobolds (D:7)
  6 bullfrogs
  Dowan (D:4)
  A gnoll sergeant (D:8)
  2 scorpions (D:5)
  2 wyvern skeletons
  A killer bee (D:8)
  2 howler monkeys (D:5)
  3 crimson imps
  2 jellies
  2 centaur zombies
  3 hounds
  3 orc wizards
  5 orc priests
  3 bullfrog skeletons
  2 iguanas
  Ijyb (D:4)
  12 worker ants
  A killer bee zombie (D:10)
  3 hound skeletons
  Robin (D:4)
  9 gnolls
  19 adders
  2 shadow imps
  An ooze (D:1)
  2 worms
  A dart slug (D:3)
  4 leopard geckos
  30 orcs
  3 ball pythons
  7 giant cockroaches
  18 goblins
  6 hobgoblins
  4 jackals (D:4)
  5 quokkas
  8 bats
  3 frilled lizards
  13 kobolds
  A leopard gecko zombie (D:8)
  6 rats
  A spectral orc (D:6)
223 creatures vanquished.

Vanquished Creatures (others)
  A two-headed ogre (D:8)
  A wraith (D:9)
  A sky beast (D:8)
  An ice beast (D:8)
  An ogre (D:8)
  5 killer bees (D:8)
  A wight (D:8)
  A jelly (D:8)
  A worker ant (D:8)
  A hound skeleton (D:8)
  An adder (D:8)
  2 orcs
  A jackal (D:8)
  A quokka (D:8)
  A bush (D:8)
20 creatures vanquished.

Grand Total: 243 creatures vanquished

Notes
Turn   | Place    | Note
-------+----------+-------------------------------------------
     0 | D:1      | Dazliare the Octopode Transmuter began the quest for the
                  | Orb.
     0 | D:1      | Reached XP level 1. HP: 13/13 MP: 3/3
   264 | D:1      | Reached XP level 2. HP: 17/18 MP: 5/5
   955 | D:1      | Reached XP level 3. HP: 24/24 MP: 4/6
   959 | D:1      | Learned a level 2 spell: Sticks to Snakes
   963 | D:1      | Learned a level 3 spell: Spider Form
  1706 | D:2      | Reached XP level 4. HP: 24/30 MP: 3/7
  2492 | D:2      | Found a radiant altar of Vehumet.
  2824 | D:2      | Found a blossoming altar of Fedhas.
  2884 | D:2      | Reached skill level 4 in Unarmed Combat
  2999 | D:3      | Found a glowing golden altar of the Shining One.
  3011 | D:3      | Reached XP level 5. HP: 30/36 MP: 8/8
  3027 | D:3      | Became a worshipper of the Shining One
  4153 | D:2      | Found a sacrificial altar of Ru.
  4161 | D:2      | Fell from the grace of the Shining One
  4161 | D:2      | Became a worshipper of Ru the Awakened
  4196 | D:4      | Found an iron altar of Okawaru.
  4211 | D:4      | Reached XP level 6. HP: 31/42 MP: 5/9
  4216 | D:4      | Noticed Robin
  4229 | D:4      | Killed Robin
  4261 | D:3      | Reached skill level 5 in Unarmed Combat
  4568 | D:4      | Found a stormy altar of Qazlal.
  4714 | D:4      | Noticed Ijyb
  4726 | D:4      | Killed Ijyb
  4856 | D:4      | Found a staircase to the Ecumenical Temple.
  5069 | D:4      | Noticed Duvessa
  5069 | D:4      | Noticed Dowan
  5082 | D:4      | Killed Duvessa
  5082 | D:4      | Reached XP level 7. HP: 43/46 MP: 7/10
  5086 | D:4      | Killed Dowan
  5086 | D:4      | Reached skill level 6 in Unarmed Combat
  5421 | D:4      | Noticed Purgy
  5437 | D:4      | Killed Purgy
  5636 | D:4      | Found Kad Qeum's Magic Scroll Emporium.
  5639 | D:4      | Bought a scroll of teleportation for 36 gold pieces
  5639 | D:4      | Bought a scroll of blinking for 90 gold pieces
  5639 | D:4      | Bought 3 scrolls of identify for 72 gold pieces
  6044 | D:4      | Gained mutation: You are somewhat inexperienced. (-2 XL)
                  | [Ru sacrifice]
  6044 | D:4      | Reached XP level 6. HP: 42/42 MP: 9/9
  6044 | D:4      | Reached XP level 5. HP: 36/36 MP: 8/8
  6044 | D:4      | Reached * piety under Ru
  6044 | D:4      | Reached ** piety under Ru
  6062 | D:5      | Entered Level 5 of the Dungeon
  6062 | D:5      | Noticed a phantom
  6238 | D:4      | Killed a phantom
  6238 | D:4      | Reached skill level 7 in Unarmed Combat
  6238 | D:4      | Reached skill level 5 in Transmutations
  6238 | D:4      | Reached XP level 6. HP: 6/42 MP: 9/9
  6561 | D:5      | Found Kuushih's Assorted Antiques.
  6835 | D:5      | Reached XP level 7. HP: 24/46 MP: 7/10
  6952 | D:5      | Reached skill level 8 in Unarmed Combat
  7464 | D:5      | Reached XP level 8. HP: 28/52 MP: 7/11
  7802 | D:5      | Found a bloodstained altar of Trog.
  7839 | D:4      | Bought a scroll of remove curse for 36 gold pieces
  8116 | D:6      | Reached skill level 9 in Unarmed Combat
  8554 | D:6      | Found a basalt altar of Yredelemnul.
  8864 | D:6      | Found Joej's Distillery.
  8941 | D:6      | Learned a level 5 spell: Blade Hands
  9778 | D:7      | Gained mutation: You are missing an eye, making it more
                  | difficult to aim. [Ru sacrifice]
  9778 | D:7      | Reached *** piety under Ru
  9787 | D:7      | Noticed a two-headed ogre
  9809 | D:7      | Killed a two-headed ogre
  9809 | D:7      | Reached skill level 10 in Unarmed Combat
  9809 | D:7      | Reached XP level 9. HP: 34/56 MP: 10/12
 10129 | D:7      | Got a faintly glowing hand axe
 10133 | D:7      | Got an iridescent mace
 10134 | D:7      | Identified the +5 hand axe "Ugrirok" {freeze, +Fly Str-4
                  | Int+4} (You found it on level 7 of the Dungeon)
 10135 | D:7      | Identified the +1 mace "Vedeam" {holy, Dex+3} (You found it
                  | on level 7 of the Dungeon)
 10489 | D:7      | Reached skill level 11 in Unarmed Combat
 11083 | D:8      | Killed a two-headed ogre
 11636 | D:8      | Found a shimmering altar of Xom.
 12352 | D:9      | Noticed Gastronok
 12364 | D:8      | Reached XP level 10. HP: 43/63 MP: 14/14
 13293 | D:9      | Noticed Pikel
 13317 | D:9      | Killed Pikel
 13528 | D:9      | Found a shimmering altar of Xom.
 13738 | D:9      | Reached skill level 12 in Unarmed Combat
 13756 | D:9      | Gained mutation: You cannot study or use magical devices.
                  | [Ru sacrifice]
 13756 | D:9      | Reached **** piety under Ru
 13756 | D:9      | Reached ***** piety under Ru
 13895 | D:10     | Entered Level 10 of the Dungeon
 14584 | D:10     | Found a staircase to the Orcish Mines.
 14644 | D:10     | Noticed a white ugly thing
 14644 | D:10     | Noticed a five-headed hydra
 14644 | D:10     | Noticed a kobold demonologist
 14649 | D:10     | Killed a five-headed hydra
 14649 | D:10     | Reached skill level 5 in Fighting
 14651 | D:10     | Noticed a rust devil
 14652 | D:10     | Killed a white ugly thing
 14668 | D:10     | Slain by a kobold demonologist

Skill      XL: |  1  2  3  4  5  6  7  8  9 10 |
---------------+-------------------------------+-----
Fighting       | 2 3 5 |  5.4
Unarmed Combat | 4 7 5 8 10 11 12 | 12.6
Transmutations | 3 5 4 6 7 8 |  8.0
Spellcasting   | 4 |  4.2
Dodging        | |  2.0

Action                   |  1- 3 |  4- 6 |  7- 9 | 10-12 || total
-------------------------+-------+-------+-------+-------++-------
Melee: Unarmed           |    63 |   250 |   299 |    55 ||   667
       Kick              |     3 |       |       |       ||     3
       Tentacles         |     6 |    20 |    22 |     5 ||    53
       Constrict         |    10 |    32 |    23 |     7 ||    72
       Punch             |     2 |     5 |    15 |     5 ||    27
       Hand axe          |       |       |    56 |    66 ||   122
 Fire: Hunting sling     |       |     3 |     5 |       ||     8
 Cast: Beastly Appendage |     3 |     2 |       |       ||     5
       Spider Form       |     4 |    11 |    17 |     8 ||    40
       Sticks to Snakes  |       |       |     2 |       ||     2
       Blade Hands       |       |       |     1 |       ||     1
Invok: Sacrifice Experie |       |     1 |       |       ||     1
       Sacrifice an Eye  |       |       |     1 |       ||     1
       Draw Out Power    |       |       |     2 |       ||     2
       Apocalypse        |       |       |       |     1 ||     1
       Sacrifice Artific |       |       |       |     1 ||     1
 Abil: End Transformatio |     1 |       |       |       ||     1
Evoke: Wand              |       |       |     2 |     2 ||     4
  Use: Scroll            |       |     3 |    14 |       ||    17
       Potion            |       |     1 |     2 |     1 ||     4
 Stab: Sleeping          |     3 |     7 |     6 |     4 ||    20
       Distracted        |       |     1 |     4 |     2 ||     7
       Invisible         |       |       |     1 |       ||     1
  Eat: Chunk             |     3 |    13 |    22 |     6 ||    44
       Ration            |       |       |     1 |     1 ||     2
Armor: Skin              |     8 |    12 |    19 |     4 ||    43
Dodge: Dodged            |    72 |   229 |   321 |    95 ||   717
